 Dungeon Crawl Stone Soup version 0.23.0 (webtiles) character file.

Game seed: 12181033517627810008

6818 teukkam the Protected (level 10, -6/93 HPs)
             Began as a Minotaur Fighter on Feb 13, 2019.
             Was a Priest of Wu Jian.
             Mangled by a red ugly thing (12 damage)
             ... on level 11 of the Dungeon on Feb 14, 2019.
             The game lasted 00:39:56 (10146 turns).

teukkam the Protected (Minotaur Fighter)           Turns: 10146, Time: 00:39:58

Health: -6/93      AC:  8    Str: 24      XL:     10   Next: 77%
Magic:  9/9        EV: 10    Int:  5      God:    Wu Jian [***...]
Gold:   560        SH:  3    Dex:  9 (10) Spells: 9/9 levels left

rFire    . . .     SeeInvis .   a - +7 great mace "Undeadhunter" {disrupt, rN+}
rCold    . . .     Gourm    .   (shield currently unavailable)
rNeg     + . .     Faith    .   s - +0 scale mail
rPois    .         Spirit   .   (helmet restricted)
rElec    .         Reflect  +   (no cloak)
rCorr    .         Harm     .   (no gloves)
MR       .....                  (no boots)
Stlth    ..........             v - +3 amulet of reflection
HPRegen  0.25/turn              (no ring)
MPRegen  0.11/turn              (no ring)

@: no status effects
A: retaliatory headbutt, horns 2
a: Wall Jump, Serpent's Lash, Renounce Religion


You were on level 11 of the Dungeon.
You worshipped Wu Jian.
Wu Jian was most pleased with you.
You were not hungry.

You visited 2 branches of the dungeon, and saw 12 of its levels.
You also visited: Sewer.

You collected 560 gold pieces.

Inventory:

Hand Weapons
 a - the +7 great mace "Undeadhunter" (weapon) {disrupt, rN+}
   (You found it on level 8 of the Dungeon)

   It protects you from negative energy.
 b - the +5 hunting sling "Beastbane" {velocity, MR+ MP+9}
   (You found it on level 6 of the Dungeon)

   Any stone fired from it inflicts extra damage.
   It affects your resistance to hostile enchantments.
   It affects your magic capacity (+9).
 k - a +3 dagger
 m - a +0 war axe
 x - a +1 dagger of venom
 G - a cursed -1 hunting sling
 L - a +0 shortbow
 O - a +4 hand axe of freezing
 P - a +0 dire flail of draining
Missiles
 j - 310 stones
 o - 5 javelins (quivered)
 p - 59 bolts
 q - 10 poisoned needles
 r - 4 needles of paralysis
 u - 136 arrows
 C - 9 tomahawks
 D - 4 needles of confusion
Armour
 c - a +0 shield
 s - a +0 scale mail (worn)
 w - a +1 robe of fire resistance
Jewellery
 v - a +3 amulet of reflection (around neck)
Wands
 e - a wand of polymorph (3)
 A - a wand of acid (6)
 K - a wand of disintegration (10)
 Q - a wand of flame (12)
 S - a wand of digging (3)
Scrolls
 i - 6 scrolls of remove curse
 l - 13 scrolls of identify
 y - 8 scrolls of teleportation
 z - 4 scrolls of immolation
 B - a scroll of noise
 E - a scroll of fog {unknown}
 I - 3 scrolls of blinking {unknown}
 N - a scroll of silence {unknown}
 R - a scroll of summoning {unknown}
Potions
 d - 4 potions of might
 g - 2 potions of agility {unknown}
 h - 5 potions of curing
 n - 6 potions of flight
 t - a potion of resistance {unknown}
 F - a potion of mutation {unknown}
 H - a potion of cancellation {unknown}
 J - 2 potions of degeneration {unknown}
 M - a potion of lignification {unknown}
 T - a potion of heal wounds
Comestibles
 f - 16 rations


   Skills:
 + Level 9.8 Fighting
 - Level 4.2 Short Blades
 - Level 3.0(5.6) Axes
 + Level 7.3(7.6) Maces & Flails
 + Level 5.2 Slings
 - Level 4.3 Bows
 + Level 9.8 Armour
 + Level 9.8 Shields


You had 9 spell levels left.
You didn't know any spells.
Your spell library contained the following spells:

 Spells                   Type           Power        Failure   Level  Hunger
 Confusing Touch          Hex            #.....       73%         1    ##.....
 Summon Small Mammal      Summ           #...         73%         1    ##.....
 Call Imp                 Summ           #.......     86%         2    ###....
 Call Canine Familiar     Summ           #.......     97%         3    ####...
 Confuse                  Hex            #.......     97%         3    ####...
 Gell's Gravitas          Tloc           #.........   97%         3    ####...
 Summon Guardian Golem    Hex/Summ       #.......     97%         3    ####...
 Petrify                  Tmut/Erth      #.......     100%        4    #####..
 Summon Ice Beast         Ice/Summ       #.......     100%        4    #####..
 Summon Lightning Spire   Summ/Air       #.......     100%        4    #####..
 Metabolic Englaciation   Hex/Ice        #.........   100%        5    ######.
 Yara's Violent Unravell  Hex/Tmut       #.........   100%        5    ######.


Dungeon Overview and Level Annotations

Branches:
Dungeon (11/15)            Temple (1/1) D:6            Lair (0/6) D:11
    Orc: D:9-12

Altars:
Ashenzari
Cheibriados
Dithmenos
Elyvilon
Fedhas
Gozag
Hepliaklqana
Kikubaaqudgha
Makhleb
Nemelex Xobeh
Okawaru
Qazlal
Ru
Sif Muna
Trog
Uskayaw
Vehumet
Wu Jian
Xom
Yredelemnul
Zin
The Shining One

Shops:
D:5 }

Annotations:
D:4 3 runed translucent doors, Anothat's ghost, amateur DrWz; DungeonDestroyer's ghost, amateur MiFi; lapinsky's ghost, amateur DsBe; marthius's ghost, amateur HOFi
D:9 Erolcha


Innate Abilities, Weirdness & Mutations

You reflexively headbutt those who attack you in melee.
You have a pair of horns on your head.


Message History

You sock the red ugly thing!
The red ugly thing is heavily wounded.
You bludgeon the red ugly thing!!
The red ugly thing is severely wounded.
The red ugly thing stings you.
You are engulfed in flames!!
You block the red ugly thing's attack.
You sock the red ugly thing!
The red ugly thing is almost dead.
The red ugly thing stings you.
You are engulfed in flames!!
* * * LOW HITPOINT WARNING * * *
You barely miss the red ugly thing.
The red ugly thing is almost dead.
The red ugly thing completely misses you.
You barely miss the red ugly thing.
The red ugly thing is almost dead.
The red ugly thing stings you but does no damage.
The red ugly thing stings you!
* * * LOW HITPOINT WARNING * * *
You are engulfed in flames!
You die...

# ######.#,...,*,* *,****
#########.[....#*#.#**,*****,,,*
.....[..#.####.###.# *,,,,,,,,,**
###.###..........#.# **,*,,,,,,,,
# #................# *,*,***,***
###.###..#####.#.#<####.#,* *,*
.....,#..# #,#........#,* *,*
..#*#.#.)# #.###<#*****,* *,* ###
#.#..#####..@u.# *,,,,* *,***
#....##.(...#### *,**** *,,,,
###.###.##..* *,* ***** #######.#
#.##..* #.# ........###<##..##**
#.# ##### ###.#####..........*
#.# #..)# ###.# #.#..##.##.* #.#
#...#
....#####.#..##.##.###.####...###
##.....##.#..##......#.#.........


You could see a red ugly thing.

Vanquished Creatures
  A two-headed ogre (D:10)
  Prince Ribbit (D:7)
  Sigmund (D:2)
  A wraith (D:9)
  10 yaks
  Edmund (D:5)
  An ice beast (D:6)
  A black bear (D:11)
  An orc warrior (D:9)
  A phantom (D:7)
  3 centaurs
  5 ogres
  Blork the orc (D:5)
  3 big kobolds
  8 bullfrogs
  3 scorpions
  5 killer bees (D:7)
  4 wights (D:9)
  A howler monkey (D:9)
  3 electric eels (D:9)
  2 crimson imps
  3 bullfrog zombies (D:5)
  A quasit (D:10)
  3 orc priests
  12 hounds
  2 jellies
  2 iguanas
  8 orc wizards
  7 worker ants
  Ijyb (D:5)
  Natasha (thrice) (D:2)
  2 hound skeletons
  2 worker ant zombies
  3 gnolls (D:4)
  16 adders
  2 river rats (D:3)
  4 oozes
  An adder zombie (D:4)
  An adder skeleton (D:5)
  3 worms
  A dart slug (D:2)
  5 leopard geckos
  29 orcs
  2 ball pythons
  2 giant cockroaches
  6 goblins
  5 hobgoblins
  5 jackals
  A quokka (D:6)
  11 bats
  10 frilled lizards
  A jackal skeleton (D:4)
  19 kobolds
  16 rats
246 creatures vanquished.

Vanquished Creatures (others)
  A plant (D:9)
1 creature vanquished.

Grand Total: 247 creatures vanquished

Notes
Turn   | Place    | Note
-------+----------+-------------------------------------------
     0 | D:1      | teukkam the Minotaur Fighter began the quest for the Orb.
     0 | D:1      | Reached XP level 1. HP: 19/19 MP: 0/0
   110 | D:1      | Reached XP level 2. HP: 18/27 MP: 1/1
   495 | D:2      | Noticed Sigmund
   581 | D:1      | Reached XP level 3. HP: 32/33 MP: 2/2
   861 | D:3      | Found a glowing drain.
   867 | D:3      | Reached XP level 4. HP: 32/40 MP: 3/3
   931 | D:3      | Reached skill level 1 in Short Blades
  1053 | Sewer    | Entered a sewer
  1327 | Sewer    | Reached XP level 5. HP: 45/47 MP: 4/4
  1487 | Sewer    | Reached skill level 5 in Shields
  1495 | Sewer    | Reached skill level 5 in Fighting
  1495 | Sewer    | Reached skill level 5 in Armour
  1495 | Sewer    | Reached XP level 6. HP: 25/56 MP: 5/5
  1705 | D:3      | Found a glowing silver altar of Zin.
  2014 | D:4      | Found a runed translucent gate.
  2014 | D:4      | Found a runed translucent gate.
  2014 | D:4      | Noticed Anothat's ghost (amateur DrWz)
  2015 | D:4      | Found a runed translucent gate.
  2015 | D:4      | Noticed lapinsky's ghost (amateur DsBe)
  2015 | D:4      | Noticed marthius's ghost (amateur HOFi)
  2016 | D:4      | Noticed DungeonDestroyer's ghost (amateur MiFi)
  2372 | D:5      | Entered Level 5 of the Dungeon
  2386 | D:5      | Reached XP level 7. HP: 25/62 MP: 6/6
  2966 | D:5      | Noticed Blork the orc
  2987 | D:5      | Killed Blork the orc
  2987 | D:5      | Reached skill level 1 in Bows
  3169 | D:5      | Noticed Edmund
  3174 | D:5      | Killed Edmund
  3253 | D:5      | Reached XP level 8. HP: 60/71 MP: 7/7
  3422 | D:5      | Found Nurock's Gadget Shop.
  3436 | D:5      | Reached skill level 1 in Maces & Flails
  3539 | D:5      | Noticed Ijyb
  3545 | D:5      | Killed Ijyb
  4252 | D:6      | Found a staircase to the Ecumenical Temple.
  4262 | Temple   | Entered the Ecumenical Temple
  4320 | Temple   | Became a worshipper of the Wu Jian Council
  5338 | D:2      | Noticed Natasha
  5344 | D:2      | Killed Natasha
  5545 | D:2      | Found a sacrificial altar of Ru.
  5594 | D:2      | Noticed Natasha
  5598 | D:2      | Killed Natasha
  5618 | D:2      | Killed Sigmund
  5618 | D:2      | Reached XP level 9. HP: 60/80 MP: 8/8
  5643 | D:2      | Noticed Natasha
  5651 | D:2      | Killed Natasha
  5867 | D:3      | Reached * piety under Wu Jian
  6290 | D:6      | Found a deep blue altar of Sif Muna.
  6329 | D:6      | Got a warped hunting sling
  6337 | D:6      | Identified the +5 hunting sling "Beastbane" {velocity, MR+
                  | MP+9} (You found it on level 6 of the Dungeon)
  6520 | D:7      | Noticed Prince Ribbit
  6531 | D:7      | Killed Prince Ribbit
  6531 | D:7      | Reached skill level 1 in Slings
  6624 | D:7      | Found a blossoming altar of Fedhas.
  6714 | D:7      | Found a sparkling altar of Nemelex Xobeh.
  6937 | D:7      | Reached skill level 5 in Maces & Flails
  7519 | D:8      | Found the +7 great mace "Undeadhunter" {disrupt, rN+}
  7651 | D:8      | Reached ** piety under Wu Jian
  7997 | D:8      | Reached XP level 10. HP: 90/90 MP: 9/9
  8139 | D:8      | You fall through a shaft for 3 floors!
  8244 | D:11     | Noticed a skeletal warrior
  8244 | D:11     | Noticed a skeletal warrior
  8245 | D:11     | Noticed a skeletal warrior
  8481 | D:11     | Noticed a red ugly thing
  8482 | D:10     | Entered Level 10 of the Dungeon
  8596 | D:10     | Noticed a two-headed ogre
  8606 | D:10     | HP: 5/136 [two-headed ogre/+0 giant spiked club (14)]
  8609 | D:10     | Killed a two-headed ogre
  9184 | D:9      | Reached skill level 5 in Slings
  9197 | D:9      | Noticed Erolcha
  9604 | D:9      | Reached *** piety under Wu Jian
 10146 | D:11     | Mangled by a red ugly thing

Skill      XL: |  1  2  3  4  5  6  7  8  9 10 |
---------------+-------------------------------+-----
Fighting       | 4 5 6 7 8 9 |  9.8
Armour         | 4 5 6 7 8 9 |  9.8
Shields        | 4 5 6 7 8 9 |  9.8
Axes           | 3 |  3.0
Short Blades   | 1 2 3 4 |  4.2
Bows           | 2 4 |  4.3
Maces & Flails | 3 5 7 |  7.3
Slings         | 3 5 |  5.2

Action                   |  1- 3 |  4- 6 |  7- 9 | 10-12 || total
-------------------------+-------+-------+-------+-------++-------
Melee: War axe           |    64 |    24 |       |       ||    88
       Headbutt          |     5 |    21 |    51 |    12 ||    89
       Dagger            |    10 |   129 |    41 |       ||   180
       Unarmed           |       |       |     7 |       ||     7
       Dire flail        |       |       |   225 |       ||   225
       Great mace        |       |       |    18 |   125 ||   143
 Fire: Shortbow          |       |       |    61 |       ||    61
       Hunting sling     |       |       |    26 |    38 ||    64
Throw: Javelin           |       |     4 |       |       ||     4
       Tomahawk          |       |       |     1 |       ||     1
Invok: Lunge             |       |       |    14 |    10 ||    24
       Whirlwind         |       |       |    20 |    69 ||    89
 Abil: Wall Jump         |       |       |       |     2 ||     2
Evoke: Wand              |       |       |       |     7 ||     7
  Use: Scroll            |     3 |     3 |     4 |     3 ||    13
       Potion            |       |     3 |     5 |     1 ||     9
  Eat: Chunk             |       |     2 |     4 |     4 ||    10
       Ration            |       |     1 |     4 |     1 ||     6
Armor: Scale mail        |    34 |    67 |   119 |    43 ||   263
Dodge: Dodged            |    31 |    46 |   143 |    84 ||   304
Block: Shield            |    49 |    90 |     7 |       ||   146
       Other             |       |       |    38 |    18 ||    56
       Reflection        |       |       |     3 |       ||     3
